 Dungeon Crawl Stone Soup version 0.29.1-15-g9cfb28693d (webtiles) character file.

Game seed: 8356458522113253150

1509 protoss039 the Digger (level 8, -1/59 (64) HPs)
             Began as a Demonspawn Earth Elementalist on Feb 27, 2023.
             Slain by a wight
             ... wielding a +2 battleaxe
              (2 damage)
             ... on level 7 of the Dungeon.
             The game lasted 00:11:02 (8323 turns).

protoss039 the Digger (DsEE)                        Turns: 8323, Time: 00:11:03

HP:   -1/59 (64)    AC:  5    Str:  9    XL:     8   Next: 53%
MP:   2/16          EV: 12    Int: 19    God:
Gold: 10            SH:  0    Dex: 13    Spells: 12/18 levels left

rFire   . . .      SeeInvis .   v - +2 flail (drain)
rCold   + . .      Faith    .   (no shield)
rNeg    . . .      Spirit   .   a - +0 robe
rPois   .          Reflect  .   (no helmet)
rElec   .          Harm     .   r - scarf {repulsion}
rCorr   .          Rampage  .   f - +0 pair of gloves
Will    .....                   (no boots)
Stlth   ++........              (no amulet)
HPRegen 0.19/turn               y - ring of protection from cold
MPRegen 0.15/turn               (no ring)

@: very slightly contaminated, drained, repel missiles
A: claws 2, yellow scales 1, foul stench 1
a: no special abilities


You were on level 7 of the Dungeon.
You visited 1 branch of the dungeon, and saw 7 of its levels.

You collected 339 gold pieces.
You spent 329 gold pieces at shops.

Inventory:

Hand Weapons
 v - a +2 flail of draining (weapon)
Armour
 a - a +0 robe (worn)
 f - a +0 pair of gloves (worn)
 r - a scarf of repulsion (worn)
 D - a +0 cloak
Magical Staves
 j - a staff of death
Jewellery
 p - a ring of fire
 t - a ring of fire
 y - a ring of protection from cold (left hand)
Wands
 m - a wand of flame (15)
 x - a wand of charming (12)
 B - a wand of quicksilver (2)
Scrolls
 e - 3 scrolls of fear
 k - 2 scrolls of silence {unknown}
 n - a scroll of vulnerability {unknown}
 o - a scroll of amnesia {unknown}
 q - 2 scrolls of identify
 s - a scroll of blinking {unknown}
 z - 2 scrolls of enchant weapon
 F - a scroll of enchant armour {unknown}
Potions
 b - 2 potions of magic
 c - 5 potions of curing
 d - 2 potions of flight
 g - a potion of invisibility {unknown}
 h - 4 potions of brilliance
 l - a potion of mutation {unknown}
 u - a potion of resistance {unknown}
 w - 4 potions of lignification
 A - a potion of ambrosia {unknown}
 C - 2 potions of haste {unknown}
 E - a potion of might {unknown}


   Skills:
 + Level 6.0 Fighting
 - Level 1.7 Dodging
 - Level 1.7 Stealth
 + Level 5.9 Spellcasting
 - Level 0.8 Transmutations
 + Level 6.2 Earth Magic


You had 12 spell levels left.
You knew the following spells:

 Your Spells              Type           Power      Damage    Failure   Level
a - Sandblast             Erth           58%        2d13      1%          1
b - Passwall              Tmut/Erth      15%        N/A       4%          2
c - Stone Arrow           Conj/Erth      34%        3d9       10%         3

Your spell library contained the following spells:

 Spells                   Type           Power      Damage    Failure   Level
 Beastly Appendage        Tmut           16%        N/A       8%          1
 Wereblood                Tmut           8%         N/A       12%         2
 Petrify                  Tmut/Erth      19%        N/A       26%         4
 Spider Form              Tmut/Pois      7%         N/A       28%         3
 Portal Projectile        Hex/Tloc       10%        N/A       34%         3
 Tukima's Dance           Hex            5%         N/A       34%         3
 Blade Hands              Tmut           4%         N/A       91%         5


Dungeon Overview and Level Annotations

Branches:
Dungeon (7/15) Zot: 24097
 Temple: D:4-7

Altars:
Dithmenos
Fedhas
Qazlal
Yredelemnul

Shops:
D:5 *

Annotations:
D:4 1 exclusion
D:5 Pikel
D:6 2 transporters, exclusion: vampire, Shozle's ghost, novice GnCj


Innate Abilities, Weirdness & Mutations

You have very sharp fingernails.
You are partially covered in yellow scales. (AC +2)
You may rarely emit foul miasma when damaged in melee.


Message History

Aiming: Sandblast (safe; 1% risk of failure)
Press: ? - help, Shift-Dir - straight line, f/p - wight
Aim: a wight, wielding a +3 mace of freezing and wearing a +0 robe (almost destroyed, 83% to hit)
The blast of sand hits the wight.
You destroy the wight!
The wight misses you.
Your Fighting skill increases to level 6!
Casting: Sandblast (safe; 1% risk of failure)
Confirm with . or Enter, or press ? or * to list all spells.
Aiming: Stone Arrow (dangerous; 10% risk of failure)
Press: ? - help, Shift-Dir - straight line, f - wight
Aim: a wight, wielding a +0 scimitar and wearing a +0 robe (moderately damaged, 68% to hit)
The stone arrow hits the wight.
The wight is severely damaged.
The wight misses you.
Unknown command.
Casting: Stone Arrow (dangerous; 10% risk of failure)
Confirm with . or Enter, or press ? or * to list all spells.
Aiming: Stone Arrow (dangerous; 10% risk of failure)
Press: ? - help, Shift-Dir - straight line, f - wight, p - wight
Aim: a wight, wielding a +2 battleaxe and wearing a +0 robe (68% to hit)
The stone arrow hits the wight!
The wight is heavily damaged.
The wight hits you with a +2 battleaxe!
Unknown command.
Unknown command.
Casting: Stone Arrow (dangerous; 10% risk of failure)
Confirm with . or Enter, or press ? or * to list all spells.
Aiming: Sandblast (safe; 1% risk of failure)
Press: ? - help, Shift-Dir - straight line, f/p - wight
Aim: a wight, wielding a +2 battleaxe and wearing a +0 robe (heavily damaged, 83% to hit)
The blast of sand misses the wight. x2; The wight hits you with a +2 battleaxe!
The wight completely misses you. The wight hits you with a +2 hand axe!
* * * LOW HITPOINT WARNING * * *
You feel drained.
* * * LOW HITPOINT WARNING * * *
The wight hits you but does no damage. The wight hits you with a +2 battleaxe!
* * * LOW HITPOINT WARNING * * *
You feel drained.
You die...

#####......................#
....#......................#
....'......................#
....#......................#
....#......................#
....#...###+###....#########
#####...# #....# #...#
#....# #...+ +.@z.# ####
#zzz.# #....# #....# ..
.....# .. #....[..##### ..
#............ ..
#..........?. ..
#............


You could see 4 wights.

Vanquished Creatures
  Edmund (D:5)
  2 water moccasins (D:5)
  An ice beast (D:6)
  A sky beast (D:6)
  2 ogres
  A lemure (D:4)
  A phantom (D:5)
  A necrophage (D:5)
  A scorpion (D:5)
  A wight (D:7)
  A jelly (D:5)
  An orc priest (D:6)
  Crazy Yiuf (D:5)
  A gnoll bouda (D:5)
  4 iguanas
  4 orc wizards
  13 gnolls
  5 adders
  2 ufetubi
  A dart slug (D:1)
  13 orcs
  7 bats
  4 endoplasms
  4 giant cockroaches
  6 goblins
  7 hobgoblins
  4 jackals (D:1)
  6 kobolds
  6 quokkas
  8 ball pythons
  6 frilled lizards
  7 rats
123 creatures vanquished.

Notes
Turn   | Place    | Note
-------+----------+-------------------------------------------
     0 | D:1      | protoss039 the Demonspawn Earth Elementalist began the
                  | quest for the Orb.
     0 | D:1      | Reached XP level 1. HP: 13/13 MP: 3/3
   264 | D:1      | Gained mutation: You have sharp fingernails. [demonic
                  | ancestry]
   264 | D:1      | Reached XP level 2. HP: 16/20 MP: 1/5
   408 | D:1      | Reached skill level 1 in Fighting
   960 | D:1      | Gained mutation: You may rarely emit foul miasma when
                  | damaged in melee. [demonic ancestry]
   960 | D:1      | Reached XP level 3. HP: 25/26 MP: 6/6
  1160 | D:1      | Learned a level 2 spell: Passwall
  1442 | D:2      | Found a faded altar of an unknown god.
  1482 | D:2      | Found a basalt altar of Yredelemnul.
  1857 | D:2      | Learned a level 3 spell: Stone Arrow
  2025 | D:3      | Reached XP level 4. HP: 30/33 MP: 8/8
  2932 | D:3      | Found a stormy altar of Qazlal.
  3281 | D:4      | Reached XP level 5. HP: 19/39 MP: 3/9
  3633 | D:5      | Entered Level 5 of the Dungeon
  3648 | D:5      | Noticed Edmund
  3934 | D:5      | Found Cumupow's Assorted Antiques.
  3981 | D:5      | Noticed a lemure
  3982 | D:5      | Noticed a lemure
  4285 | D:5      | Noticed Pikel
  4291 | D:5      | Noticed a lemure
  4362 | D:4      | Killed a lemure
  4666 | D:5      | Noticed a water moccasin
  4675 | D:5      | Killed a water moccasin
  4676 | D:5      | Gained mutation: You are partially covered in yellow
                  | scales. (AC +2) [demonic ancestry]
  4676 | D:5      | Reached XP level 6. HP: 29/47 MP: 6/11
  4978 | D:5      | Gained mutation: You have very sharp fingernails. [demonic
                  | ancestry]
  4978 | D:5      | Reached XP level 7. HP: 24/54 MP: 3/13
  5427 | D:5      | Bought a smouldering hand axe for 208 gold pieces
  5427 | D:5      | Identified the +9 hand axe of Integrity {holy, SInv} (You
                  | bought it in a shop on level 5 of the Dungeon)
  5443 | D:5      | You fall into a shaft and drop 2 floors!
  5452 | D:6      | Noticed a vampire
  5611 | D:6      | Found a shadowy altar of Dithmenos.
  5633 | D:6      | Found a transporter.
  5636 | D:6      | Noticed Shozle's ghost (novice GnCj)
  5648 | D:6      | Reached skill level 5 in Earth Magic
  5824 | D:6      | Found a blossoming altar of Fedhas.
  5938 | D:6      | Reached skill level 5 in Spellcasting
  6286 | D:6      | Reached skill level 5 in Fighting
  6510 | D:6      | Found a transporter.
  6865 | D:6      | Reached XP level 8. HP: 62/62 MP: 8/15
  7505 | D:5      | Killed Edmund
  7670 | D:5      | Found a runed translucent door.
  7671 | D:5      | Noticed Crazy Yiuf
  7930 | D:5      | Killed Crazy Yiuf
  8209 | D:5      | Bought a green potion for 23 gold pieces
  8209 | D:5      | Bought a ruby potion for 23 gold pieces
  8209 | D:5      | Bought a fuming dark potion for 23 gold pieces
  8209 | D:5      | Bought a scroll labelled VISAUTIAPS for 26 gold pieces
  8209 | D:5      | Bought a scroll labelled OSUWOCK MAYTA for 26 gold pieces
  8323 | D:7      | HP: 1/61 [wight/+2 battleaxe (12)]
  8323 | D:7      | Slain by a wight

Illustrated notes

Levels and vault maps discovered:
D:1:      roderic_crossed_star, layout_rooms
D:2:      layout_basic, shapermc_ecumenical_altar_acropolis, basic_altar
D:3:      layout_basic, grunt_qazlal_sundering, minmay_cupped
D:4:      layout_rooms
D:5:      layout_basic, serial_shops, shop, hangedman_decor_lopped,
          uniq_crazy_yiuf_cottage, uniq_edmund, uniq_pikel
D:6:      layout_loops_corners, mainiacjoe_overflow_cross_hatched,
          mainiacjoe_overflow_catwalk, gammafunk_ghost_stat_death,
          eino_small_chamber_without_monster
D:7:      layout_gridville, minmay_temple_entry_hall

Skill      XL: |  1  2  3  4  5  6  7  8 |
---------------+-------------------------+-----
Fighting       | 1 2 3 4 5 6 |  6.0
Earth Magic    | 3 4 5 6 |  6.2
Spellcasting   | 3 4 5 |  5.9
Dodging        | |  1.7
Stealth        | |  1.7
Transmutations | |  0.8

Action                   |  1- 3 |  4- 6 |  7- 9 || total
-------------------------+-------+-------+-------++-------
Melee: Dagger            |    33 |       |       ||    33
       Staff             |    28 |    17 |       ||    45
       Flail             |       |    17 |    23 ||    40
       Punch             |       |     1 |       ||     1
 Cast: Sandblast         |    52 |    78 |    52 ||   182
       Stone Arrow       |       |     2 |    28 ||    30
       Passwall          |       |     1 |       ||     1
Evoke: Wand              |       |       |     4 ||     4
  Use: Scroll            |       |     4 |     5 ||     9
       Potion            |       |     2 |       ||     2
 Stab: Sleeping          |     2 |       |       ||     2
Armor: Robe              |    30 |    23 |    17 ||    70
Dodge: Dodged            |    67 |    46 |    33 ||   146
       Repelled          |       |     1 |     1 ||     2
